Map: Snowbound Colony

Players

Throwfordays

  • Race: Protoss Protoss
  • League: Silver
  • Spawn Location: 1:00

Cthulhu

  • Race: Zerg Zerg
  • Spawn Location: 12:00

Faust

  • Race: Zerg Zerg
  • League: Diamond
  • Spawn Location: 1:00

OneTrickPony - Winner!

  • Race: Protoss Protoss
  • League: Diamond
  • Spawn Location: 7:00

eliteslayer - Winner!

  • Race: Zerg Zerg
  • League: Diamond
  • Spawn Location: 7:00

Kiddle - Winner!

  • Race: Zerg Zerg
  • Spawn Location: 6:00

VOD

Have the link to the VOD?

Description

Time

  • Played on: Feb. 6, 2019, 6:45 p.m.
  • Length: 13:59
Show
View Real Time Build Order
Export as new Build Order

Throwfordays Protoss 

Build Orders:  

Get SALT Encoding   

  12  0:00  Probe  
  13  0:12  Probe  
  14  0:20  Pylon  
  14  0:25  Probe  
  15  0:38  Probe  
  15  0:40  Gateway  
  16  0:51  Forge  
  16  1:09  Pylon  
  16  1:10  Probe  
  17  1:21  Assimilator  
  17  1:22  Probe  
  18  1:27  Cybernetics Core  
  18  1:34  Probe  
  19  1:46  Probe  
  22  2:04  Photon Cannon  
  22  2:06  Photon Cannon  
  22  2:07  Warp Gate  
  20  2:19  Pylon  
  20  2:32  Assimilator  
  20  2:39  Photon Cannon  
  20  2:40  Photon Cannon  
  20  2:42  Photon Cannon  
  20  2:46  Photon Cannon  
  20  2:58  Stalker, Probe  
  23  3:06  Probe  
  24  3:16  Probe  
  25  3:30  Pylon  
  25  3:35  Pylon  
  25  3:36  Protoss Ground Weapons Level 1, Gateway  
  25  3:54  Shield Battery  
  25  3:56  Shield Battery  
  25  3:58  Stalker  
  27  4:14  Gateway  
  27  4:50  Stalker  
  27  4:51  Stalker  
  29  4:58  Gateway  
  29  5:00  Gateway  
  29  5:10  Stalker  
  31  5:17  Gateway  
  31  5:40  Shield Battery  
  31  5:43  Shield Battery  
  31  5:55  Stalker x4  
  37  6:13  Stalker  
  37  6:14  Stalker  
  35  6:28  Stalker  
  33  6:53  Stalker x3  
  35  7:40  Stalker  
  35  7:41  Stalker x4  
  35  7:42  Stalker  
  47  8:35  Pylon  
  47  8:36  Pylon  
  47  8:38  Pylon  
  47  8:40  Pylon  
  47  8:41  Pylon  
  45  8:55  Stalker  
  45  8:56  Stalker x3  
  45  8:57  Stalker  
  49  9:21  Stalker x2  
  53  9:36  Protoss Ground Armor Level 1  
  49  10:40  Stalker  
  49  10:41  Stalker x5  
  57  11:42  Nexus  
  57  11:56  Pylon  
  53  12:35  Assimilator  
  53  12:40  Assimilator  
  53  12:43  Twilight Council  
  53  12:54  Probe  
  54  13:00  Photon Cannon  
  54  13:03  Probe  
  54  13:07  Photon Cannon  
  54  13:11  Probe  
  55  13:16  Pylon  
  56  13:21  Probe  
  57  13:33  Probe  
  52  13:45  Stalker x4  
Show
View Real Time Build Order
Export as new Build Order

Cthulhu Zerg 

Build Orders: Hatch First 

Get SALT Encoding   

  12  0:01  Drone  
  13  0:11  Drone  
  14  0:18  Extractor  
  14  0:19  Drone  
  15  0:23  Overlord  
  15  0:42  Drone x2  
  17  0:54  Drone  
  18  1:03  Hatchery  
  18  1:04  Drone  
  18  1:06  Extractor  
  18  1:10  Drone  
  18  1:21  Spawning Pool  
  17  1:33  Drone x2  
  19  1:58  Overlord  
  20  2:13  Zergling x4  
  20  2:14  Zergling x2  
  20  2:15  Metabolic Boost  
  22  2:27  Spine Crawler  
  21  2:42  Drone  
  21  2:43  Drone  
  23  2:48  Drone  
  24  3:03  Queen  
  25  3:29  Zergling x2  
  25  3:30  Zergling x4  
  27  3:35  Spine Crawler  
  26  3:47  Zergling x2  
  26  4:11  Zergling x2  
  26  4:12  Zergling x2  
  28  4:28  Hatchery  
  28  4:30  Zergling x6  
  28  4:51  Zergling x2  
  28  4:52  Zergling x4  
  27  5:03  Zergling x2  
  27  5:28  Overlord x2  
  27  5:35  Overlord  
  26  5:45  Queen  
  28  5:52  Queen, Drone x2  
  30  5:57  Zergling x2  
  30  5:58  Zergling x4  
  9  6:57  Drone  
  9  6:58  Drone x2  
  12  7:13  Drone x3  
  15  7:18  Spawning Pool  
  14  7:23  Hatchery  
  14  7:28  Drone  
  14  7:44  Drone  
  14  7:45  Drone x2  
  17  8:00  Hatchery  
  16  8:10  Drone  
  16  8:11  Drone x2  
  19  8:13  Drone  
  20  8:32  Extractor  
  19  9:04  Zergling x2  
  19  9:05  Zergling x14  
  27  9:20  Evolution Chamber  
  26  9:25  Lair  
  26  9:44  Hatchery  
  25  9:49  Zergling x2  
  25  9:50  Zergling x2  
  14  10:41  Spine Crawler  
  14  10:42  Spine Crawler  
  12  10:54  Spine Crawler  
  11  11:02  Spine Crawler  
  10  11:05  Spine Crawler  
  10  11:06  Drone  
  8  12:02  Drone  
  8  12:03  Drone  
  8  12:40  Drone x2  
  10  13:00  Drone  
  10  13:02  Spawning Pool  
Show
View Real Time Build Order
Export as new Build Order

Faust Zerg 

Build Orders: Hatch First 

Get SALT Encoding   

  12  0:01  Drone  
  13  0:08  Drone  
  14  0:16  Extractor  
  14  0:17  Drone  
  15  0:23  Overlord  
  15  0:42  Drone x2  
  17  0:55  Hatchery  
  16  0:58  Drone  
  17  1:05  Extractor  
  17  1:06  Drone  
  17  1:21  Spawning Pool  
  16  1:30  Overlord  
  16  1:31  Drone x2  
  18  2:08  Metabolic Boost  
  18  2:10  Zergling x8, Queen  
  18  2:15  Queen  
  26  2:19  Drone  
  27  2:29  Zergling x2  
  29  2:30  Zergling x2  
  29  2:36  Baneling Nest  
  29  2:37  Drone  
  29  2:57  Overlord  
  29  3:11  Drone  
  29  3:12  Drone x4  
  34  3:22  Baneling x2  
  34  3:23  Baneling  
  30  4:01  Roach Warren  
  30  4:02  Drone  
  28  4:03  Drone x7  
  28  4:05  Drone x3  
  38  4:14  Zergling x2, Roach Warren  
  38  4:16  Spine Crawler  
  36  4:33  Zergling x14  
  44  4:49  Zergling x2  
  43  4:52  Baneling  
  43  4:53  Baneling x2  
  43  4:55  Baneling  
  38  5:00  Roach x3  
  42  5:09  Overlord x2  
  42  5:29  Ravager x3  
  42  5:30  Zergling x2  
  42  5:31  Zergling x4  
  48  5:35  Extractor  
  43  6:17  Roach x5  
  48  6:33  Roach x3  
  51  6:57  Roach  
  51  6:58  Roach x2  
  51  7:01  Overlord  
  50  7:39  Roach x4  
  50  7:44  Hatchery  
  57  7:54  Ravager x2  
  57  7:55  Ravager x3  
  57  7:58  Overlord x3  
  57  8:43  Spore Crawler  
  57  8:46  Lair  
  56  8:49  Roach  
  56  8:50  Roach x5  
  56  8:53  Ravager x4  
  72  8:57  Queen  
  62  9:35  Roach  
  62  9:36  Roach x7  
  78  9:55  Overseer  
  68  10:36  Ravager x2  
  68  10:37  Ravager  
  68  10:38  Roach x4  
  68  10:39  Zergling x2, Roach  
  68  10:40  Zergling x16  
  75  11:23  Roach  
  75  11:24  Roach x3  
  83  11:25  Overlord  
  83  11:26  Overlord x3  
  83  11:42  Overlord x2  
  83  11:45  Hatchery  
  82  11:47  Extractor  
  82  11:51  Extractor  
  75  12:19  Drone x2  
  75  12:20  Drone x2  
  79  12:23  Drone x2  
  79  12:26  Hydralisk Den  
  80  12:36  Pneumatized Carapace  
  64  13:10  Lurker Den  
  60  13:22  Hatchery  
Show
View Real Time Build Order
Export as new Build Order

OneTrickPony Protoss - Winner!

Build Orders:  

Get SALT Encoding   

  12  0:01  Probe  
  13  0:15  Pylon  
  13  0:19  Probe  
  14  0:34  Forge  
  14  0:37  Probe  
  15  0:49  Probe  
  16  0:55  Pylon  
  16  1:01  Probe  
  17  1:15  Photon Cannon  
  17  1:23  Gateway  
  17  1:26  Pylon  
  17  1:44  Photon Cannon  
  17  1:48  Gateway  
  17  1:55  Pylon  
  17  2:03  Probe  
  18  2:17  Probe  
  18  2:18  Zealot  
  21  2:24  Cybernetics Core  
  21  2:26  Assimilator  
  21  2:36  Photon Cannon  
  21  2:40  Probe  
  22  2:49  Photon Cannon  
  22  3:03  Pylon  
  22  3:08  Zealot  
  24  3:16  Stalker  
  26  3:22  Shield Battery  
  26  3:24  Warp Gate  
  26  3:26  Shield Battery  
  26  3:39  Assimilator, Probe  
  27  3:53  Stalker  
  29  4:05  Pylon  
  29  4:20  Stalker  
  31  4:28  Shield Battery  
  31  4:34  Stalker  
  33  4:39  Photon Cannon  
  33  4:56  Shield Battery  
  33  5:02  Photon Cannon  
  33  5:03  Pylon  
  33  5:14  Stalker x2  
  33  5:17  Probe  
  37  5:29  Probe  
  38  5:48  Photon Cannon  
  38  5:58  Nexus  
  38  6:02  Pylon  
  38  6:10  Sentry  
  40  6:11  Sentry  
  40  6:17  Shield Battery  
  42  6:29  Robotics Facility  
  42  6:35  Probe  
  43  7:00  Probe  
  30  7:17  Immortal  
  30  7:20  Robotics Facility  
  34  7:26  Shield Battery  
  34  7:29  Pylon  
  34  7:30  Probe x2  
  36  7:41  Stalker  
  38  7:47  Shield Battery  
  38  7:55  Stalker  
  38  7:58  Observer  
  41  8:13  Immortal  
  41  8:14  Observer  
  41  8:15  Sentry  
  47  8:29  Observer  
  48  8:45  Stalker  
  50  8:57  Observer  
  51  9:05  Pylon  
  51  9:07  Pylon  
  51  9:09  Pylon  
  51  9:12  Probe x2  
  51  9:15  Twilight Council  
  53  9:17  Gateway  
  53  9:18  Gateway  
  53  9:20  Assimilator  
  53  9:40  Photon Cannon  
  53  9:42  Photon Cannon  
  53  9:49  Shield Battery  
  53  9:52  Shield Battery  
  55  10:15  Probe  
  55  10:20  Photon Cannon  
  50  10:32  Stalker  
  50  10:33  Stalker  
  57  10:46  Probe  
  58  10:51  Probe  
  32  11:21  Protoss Air Weapons Level 1  
  31  11:28  Stargate  
  31  11:29  Stargate  
  31  11:31  Nexus  
  31  11:32  Stargate  
  31  11:34  Pylon  
  31  11:36  Pylon  
  31  11:40  Blink  
  31  11:45  Dark Shrine  
  30  11:55  Assimilator  
  30  12:01  Photon Cannon  
  30  12:06  Assimilator  
  31  12:08  Probe  
  31  12:20  Shield Battery  
  31  12:22  Gateway  
  31  12:30  Gateway  
  31  12:35  Void Ray  
  35  12:46  Probe  
  35  12:48  Probe  
  35  12:50  Probe  
  38  12:58  Probe  
  38  13:00  Probe  
  40  13:06  Dark Templar  
Show
View Real Time Build Order
Export as new Build Order

eliteslayer Zerg - Winner!

Build Orders: Hatch First, Ravager All-In 

Get SALT Encoding   

  12  0:02  Drone  
  13  0:14  Overlord  
  13  0:18  Drone  
  14  0:33  Drone x2  
  16  0:37  Drone  
  17  0:58  Hatchery  
  17  1:02  Drone x2  
  18  1:06  Extractor  
  17  1:22  Spawning Pool, Drone  
  17  1:26  Extractor, Drone  
  17  1:37  Drone  
  18  1:43  Drone  
  19  1:56  Overlord  
  19  2:03  Drone  
  20  2:10  Queen  
  20  2:12  Queen  
  24  2:19  Drone  
  24  2:20  Drone  
  26  2:24  Drone  
  26  2:28  Drone  
  28  2:34  Drone  
  28  2:36  Drone  
  30  2:46  Roach Warren  
  29  2:53  Spine Crawler  
  28  3:01  Lair  
  28  3:10  Overlord  
  28  3:16  Overlord  
  28  3:29  Roach x3  
  32  3:49  Roach x3  
  38  3:58  Drone  
  38  3:59  Drone x3  
  42  4:04  Glial Reconstitution  
  42  4:13  Queen  
  44  4:20  Overlord  
  44  4:23  Overlord  
  44  4:30  Roach  
  44  4:31  Roach  
  48  4:36  Roach  
  50  4:42  Roach x2  
  54  4:48  Ravager x4  
  54  4:49  Ravager x2  
  60  4:55  Overlord  
  60  4:59  Drone x2  
  62  5:03  Drone  
  63  5:12  Metabolic Boost  
  63  5:15  Drone x3  
  66  5:28  Drone x5  
  66  5:29  Drone  
  69  5:40  Ravager x3  
  69  5:42  Drone x2  
  74  5:43  Drone x2  
  74  5:46  Extractor  
  74  5:47  Extractor  
  71  6:17  Drone x4, Overlord x2  
  71  6:18  Overlord  
  56  6:37  Roach  
  56  6:38  Roach x5  
  62  6:46  Evolution Chamber  
  61  6:47  Evolution Chamber  
  61  6:50  Drone x2  
  62  7:02  Roach x2  
  62  7:06  Hatchery  
  65  7:10  Roach x4  
  65  7:12  Roach x4  
  65  7:15  Zerg Ground Armor Level 1  
  81  7:16  Hatchery  
  81  7:17  Zerg Missile Weapons Level 1  
  80  7:31  Roach x2  
  86  7:37  Roach x2  
  88  7:44  Overlord x2  
  88  7:48  Burrow  
  88  7:51  Tunneling Claws  
  90  8:05  Roach  
  90  8:06  Roach x5  
  100  8:14  Overlord  
  100  8:15  Overlord x2  
  100  8:18  Pneumatized Carapace  
  100  8:22  Drone  
  100  8:23  Drone x2  
  103  8:27  Drone  
  103  8:34  Drone x3  
  107  8:38  Drone x3  
  107  8:39  Drone x2  
  112  8:51  Drone x4  
  112  8:52  Drone x3  
  119  9:01  Roach x23  
  114  9:24  Drone x5  
  114  9:25  Drone x11  
  114  9:27  Zerg Ground Armor Level 2, Zerg Missile Weapons Level 2  
  129  9:33  Extractor  
  129  9:34  Extractor  
  127  9:41  Overlord x3  
  127  9:42  Overlord  
  127  9:52  Spine Crawler  
  127  9:53  Spine Crawler  
  125  10:02  Hatchery  
  124  10:21  Queen  
  124  10:44  Hydralisk Den  
  124  10:48  Infestation Pit  
  122  10:52  Roach x11  
  122  10:53  Roach x8  
  160  11:07  Extractor  
  160  11:10  Extractor  
  158  11:13  Overlord x3  
  158  11:14  Overlord  
  158  11:19  Muscular Augments  
  158  11:21  Roach x2  
  158  11:22  Roach x3  
  168  11:28  Roach x4  
  168  11:29  Roach  
  176  11:39  Roach x6  
  188  11:49  Roach  
  188  11:55  Drone x4  
  188  11:56  Swarm Host  
  188  11:58  Roach x51  
  188  12:00  Hive  
  185  12:14  Hydralisk x7  
  197  12:30  Grooved Spines  
  195  12:45  Hydralisk  
  195  12:46  Hydralisk  
  195  12:51  Hydralisk x2  
Show
View Real Time Build Order
Export as new Build Order

Kiddle Zerg - Winner!

Build Orders: Hatch First, Swarm Host 

Get SALT Encoding   

  12  0:03  Drone  
  13  0:13  Overlord  
  13  0:18  Drone  
  14  0:33  Drone x2  
  16  0:43  Drone  
  17  0:55  Hatchery  
  16  0:59  Drone  
  17  1:05  Drone  
  17  1:09  Extractor  
  17  1:26  Spawning Pool, Drone x2  
  18  1:41  Drone x2  
  20  1:53  Overlord  
  20  2:11  Drone  
  20  2:13  Zergling x2  
  22  2:15  Queen  
  22  2:16  Queen  
  22  2:18  Metabolic Boost  
  22  2:22  Drone x2  
  28  2:28  Drone  
  30  2:30  Drone  
  30  2:47  Roach Warren  
  29  2:52  Overlord x2  
  28  3:31  Roach x7  
  34  4:04  Zergling x2  
  34  4:05  Zergling x6  
  38  4:19  Zergling x6  
  40  4:59  Zergling x16  
  35  6:35  Roach x6  
  40  6:54  Ravager  
  40  6:55  Ravager x2  
  38  7:13  Queen  
  34  7:15  Drone  
  34  7:16  Drone x5  
  28  7:42  Spine Crawler  
  28  7:43  Spine Crawler  
  27  7:44  Drone x4, Spine Crawler  
  27  7:45  Hatchery  
  27  7:51  Spine Crawler x2  
  27  7:52  Hatchery, Spine Crawler  
  30  8:02  Drone x5  
  35  8:08  Lair  
  35  8:22  Burrow  
  35  8:34  Overlord x6  
  35  8:35  Overlord x3  
  35  8:46  Drone x3  
  38  8:57  Queen  
  38  9:00  Drone x5  
  38  9:02  Drone x2  
  47  9:03  Queen  
  47  9:05  Drone x2  
  51  9:12  Extractor, Infestation Pit  
  51  9:16  Extractor  
  48  9:17  Extractor x2  
  48  9:18  Drone x7  
  48  9:19  Extractor  
  52  9:25  Drone x2  
  54  9:31  Drone  
  54  9:32  Drone x3  
  58  9:39  Drone x5  
  63  9:50  Spine Crawler  
  63  9:52  Spine Crawler  
  61  9:57  Swarm Host x3  
  70  10:13  Drone  
  71  10:18  Drone x14  
  71  10:19  Drone  
  86  10:30  Swarm Host x3  
  86  10:31  Swarm Host  
  98  10:58  Swarm Host  
  98  10:59  Swarm Host x8  
  125  11:19  Extractor  
  125  11:20  Extractor, Overlord x5  
  123  11:39  Swarm Host  
  123  11:40  Swarm Host x8  
  150  11:48  Drone x2  
  152  11:56  Hive  
  152  13:14  Nydus Network  
  152  13:18  Swarm Host x4  
  152  13:19  Swarm Host  
  166  13:22  Overlord x7  
  166  13:23  Overlord x3  
Tags
 
Add a new tag
Caveats
  • Supply blocks, unpowered buildings, or Contaminate may cause inaccurate times.
  • Supply counts are checked every 10 seconds.